Map: Overgrowth LE (Void)

Players

meowmeowcute - Winner!

  • Race: Zerg Zerg
  • Spawn Location: 1:00

A.I. 1 (Medium)

  • Race: Terran Terran
  • Spawn Location: 7:00

VOD

Have the link to the VOD?

Description

Time

  • Played on: Dec. 23, 2017, 2:40 p.m.
  • Length: 18:38
Show
View Real Time Build Order
Export as new Build Order

meowmeowcute Zerg - Winner!

Build Orders: Pool First, Muta Ling Bane 

Get SALT Encoding   

  12  0:08  Overlord  
  12  0:14  Drone  
  13  0:20  Drone  
  14  0:34  Drone  
  15  0:44  Spawning Pool  
  14  0:53  Evolution Chamber  
  14  0:55  Extractor  
  12  0:59  Extractor, Drone x2  
  13  1:13  Drone x2  
  16  1:25  Drone  
  16  1:34  Queen  
  16  1:36  Drone  
  19  1:46  Drone  
  20  2:04  Roach Warren  
  20  2:05  Drone x2  
  21  2:23  Lair  
  21  2:30  Zergling x2  
  21  2:33  Overlord  
  22  3:02  Drone x4  
  26  3:12  Zergling x2  
  27  3:19  Zergling x2  
  28  3:37  Baneling Nest  
  27  3:46  Zergling x4  
  29  4:06  Overlord x2  
  29  4:07  Overlord  
  29  4:10  Hatchery  
  28  4:24  Roach  
  28  4:25  Roach x3  
  28  4:26  Roach  
  38  4:50  Metabolic Boost  
  38  4:54  Glial Reconstitution  
  38  4:57  Zerg Ground Armor Level 1  
  33  5:22  Roach  
  33  5:24  Drone x2  
  37  5:30  Drone  
  37  5:31  Queen  
  40  5:39  Roach  
  42  5:56  Extractor  
  41  5:59  Spore Crawler  
  41  6:00  Drone  
  41  6:01  Drone x2  
  43  6:12  Roach x3  
  49  6:29  Roach x2  
  53  6:41  Spire  
  52  6:54  Infestation Pit  
  52  7:00  Roach x4  
  59  7:03  Overlord  
  53  7:36  Drone x5  
  57  7:37  Drone  
  57  7:52  Roach  
  57  7:53  Roach x2  
  57  7:58  Centrifical Hooks  
  63  8:05  Extractor  
  62  8:13  Drone  
  62  8:14  Mutalisk x2  
  67  8:20  Overlord x3  
  67  8:44  Mutalisk x2  
  67  8:45  Mutalisk x2  
  75  8:56  Drone  
  75  8:57  Drone x4  
  80  9:20  Mutalisk x3  
  80  9:21  Hatchery  
  85  9:27  Nydus Network  
  84  9:37  Hive  
  84  9:55  Hydralisk Den  
  84  9:57  Zergling x10  
  84  9:58  Zergling x4  
  90  10:02  Zergling x4  
  92  10:09  Overlord  
  92  10:15  Overlord  
  92  10:36  Mutalisk x2  
  92  10:39  Mutalisk  
  92  10:40  Mutalisk x3  
  104  10:42  Overlord  
  104  10:43  Overlord  
  104  10:53  Drone x2  
  106  11:01  Nydus Canal  
  106  11:11  Mutalisk x2  
  106  11:18  Mutalisk  
  112  11:19  Zergling x2  
  112  11:20  Zergling x4  
  115  11:37  Pneumatized Carapace  
  115  11:44  Drone x3  
  106  12:21  Burrow  
  104  12:40  Mutalisk x3  
  104  12:41  Mutalisk x2  
  114  12:44  Hatchery, Mutalisk x2  
  111  13:08  Mutalisk x2  
  113  13:15  Roach x5  
  113  13:16  Overlord  
  113  13:17  Overlord  
  123  14:01  Drone  
  124  14:03  Queen  
  130  14:10  Roach x5  
  130  14:11  Roach  
  132  14:36  Drone x3  
  133  14:40  Extractor  
  130  14:46  Extractor  
  130  14:52  Mutalisk x4  
  133  14:53  Mutalisk  
  133  14:59  Roach x5  
  145  15:02  Overlord x3  
  145  15:03  Overlord  
  143  15:09  Ultralisk Cavern  
  142  15:26  Drone x2  
  142  15:27  Drone  
  133  15:41  Mutalisk x3  
  133  15:42  Mutalisk x2  
  139  15:45  Mutalisk  
  141  16:01  Drone x3  
  141  16:02  Drone x2  
  146  16:09  Drone  
  147  16:20  Spore Crawler  
  146  16:32  Spine Crawler  
  145  16:44  Chitinous Plating  
  145  16:51  Zergling x10  
  145  16:52  Zergling x2  
  151  16:58  Zergling x8  
  155  17:05  Drone x3  
  150  17:32  Drone x3  
  151  17:44  Ultralisk  
  157  17:45  Mutalisk x2  
  157  17:46  Mutalisk  
  163  17:52  Zergling x6  
Show
View Real Time Build Order
Export as new Build Order

A.I. 1 (Medium) Terran 

Build Orders:  

Get SALT Encoding   

  12  0:00  SCV  
  13  0:13  SCV  
  14  0:19  Supply Depot  
  14  0:25  SCV  
  15  0:40  SCV  
  16  0:43  Barracks  
  16  0:49  Refinery  
  16  0:53  SCV  
  17  1:05  SCV  
  18  1:15  Supply Depot  
  18  1:29  Marine  
  18  1:32  Orbital Command, Barracks  
  19  1:42  Refinery  
  19  1:48  Barracks Tech Lab  
  19  2:06  Marine  
  20  2:14  Supply Depot  
  20  2:24  Marauder  
  22  2:30  Marine  
  23  2:44  Supply Depot  
  23  2:45  Marine  
  24  2:53  SCV  
  24  2:54  Marine  
  26  3:05  SCV  
  26  3:06  Engineering Bay, Marine  
  28  3:18  SCV  
  28  3:19  Marine  
  30  3:30  SCV  
  30  3:31  Marauder  
  33  3:42  SCV  
  33  3:43  Marine  
  33  3:45  Supply Depot  
  35  3:54  SCV  
  36  3:56  Marauder  
  38  4:07  Marine  
  39  4:20  Marauder  
  41  6:35  Barracks Tech Lab  
  41  6:36  SCV  
  41  6:38  Factory  
  42  6:41  Factory  
  42  6:42  Supply Depot  
  42  6:43  Command Center  
  42  6:44  Missile Turret  
  42  6:47  Missile Turret  
  42  6:53  Sensor Tower  
  42  6:57  Barracks  
  42  7:08  Bunker  
  42  7:17  Marine  
  33  7:27  Factory Tech Lab, Starport  
  33  7:28  Factory Tech Lab  
  33  7:29  Marine  
  31  7:30  Armory  
  27  7:42  Marine  
  27  7:43  Barracks Reactor  
  28  7:54  Marine  
  28  7:56  SCV  
  30  7:58  SCV  
  30  7:59  Refinery  
  31  8:06  Starport Tech Lab, Missile Turret, Marine  
  31  8:08  SCV  
  31  8:09  Missile Turret  
  31  8:10  Refinery  
  31  8:11  SCV  
  34  8:18  Marine  
  35  8:20  SCV  
  35  8:23  SCV  
  37  8:27  Raven  
  37  8:29  Bunker  
  37  8:30  Marine  
  37  8:32  SCV  
  41  8:35  SCV  
  42  8:42  Marine  
  42  8:44  SCV  
  42  8:47  SCV  
  45  8:55  Marauder  
  47  8:56  SCV  
  47  8:59  SCV  
  49  9:07  Siege Tank  
  49  9:08  SCV  
  49  9:09  Raven  
  53  9:11  SCV  
  56  9:19  Siege Tank  
  56  9:20  SCV  
  56  9:23  SCV  
  61  9:31  Marauder  
  61  9:32  SCV  
  61  9:35  SCV  
  65  9:43  Cyclone  
  65  9:44  SCV  
  69  9:47  SCV  
  69  9:49  Supply Depot  
  70  11:21  Medivac, Marine  
  70  11:22  Stimpack, Combat Shields  
  70  11:23  Terran Infantry Weapons Level 1  
  73  11:27  Marine, Starport  
  73  11:29  Supply Depot  
  74  11:33  Ghost Academy  
  74  11:38  Command Center, Fusion Core  
  76  11:40  Engineering Bay, Marauder  
  76  11:43  Armory  
  76  11:46  Marauder  
  78  11:51  Raven  
  78  11:54  Supply Depot  
  80  12:00  Marine  
  77  12:03  Starport Tech Lab  
  77  12:06  Terran Infantry Armor Level 1, Marine  
  62  12:11  Marine  
  58  12:17  Marine  
  58  12:21  Raven  
  61  12:23  Marine  
  61  12:29  Marine  
  59  12:34  Medivac  
  59  12:35  Marauder  
  58  12:40  Marine  
  58  12:41  Concussive Shells  
  59  12:46  Marine  
  60  12:51  SCV  
  60  12:52  Marine  
  60  12:54  SCV  
  60  12:57  Marine, SCV  
  58  13:03  Raven, SCV  
  58  13:04  Medivac, Marauder  
  60  13:06  Refinery, SCV  
  60  13:07  Missile Turret  
  60  13:09  SCV, Missile Turret, Marine  
  60  13:10  Refinery  
  44  13:15  Ghost  
  44  13:16  SCV  
  44  13:19  SCV  
  46  13:21  SCV, Marine  
  46  13:26  Marine  
  47  13:30  Bunker  
  47  13:31  SCV  
  47  13:32  Marine  
  47  13:34  Raven, SCV  
  48  13:38  Marine  
  46  13:43  SCV  
  46  13:44  Marine  
  46  13:46  SCV  
  46  13:50  Marauder  
  46  13:55  Marine, SCV  
  42  13:58  SCV  
  42  14:01  Marine  
  42  14:02  Sensor Tower  
  40  14:07  SCV, Marine  
  37  14:10  SCV  
  37  14:12  Marine  
  34  14:18  Marine  
  34  14:19  SCV  
  34  14:22  SCV  
  37  14:25  Marine  
  37  14:30  Ghost  
  37  14:31  SCV  
  37  14:34  Raven, SCV  
  37  14:36  Marine  
  37  14:42  Medivac, Marine  
  37  14:43  SCV  
  34  14:46  SCV  
  34  14:48  Marine  
  33  14:54  Command Center, Marine  
  33  14:55  SCV  
  33  14:58  SCV  
  34  15:00  Marine  
  34  15:01  Marine  
  31  15:12  Medivac, Marauder  
  32  15:15  SCV  
  32  15:16  Raven  
  32  15:19  Marauder  
  32  15:21  Hellion  
  38  15:40  SCV  
  38  15:42  Raven  
  41  15:43  Marine, SCV  
  41  15:46  Marine  
  41  15:49  Marine  
  44  16:06  SCV  
  45  16:11  SCV  
  46  16:19  SCV  
  46  16:23  SCV  
  48  16:28  SCV  
  48  16:31  SCV  
  50  16:37  SCV  
  51  16:43  SCV  
  51  16:44  Marine  
  51  16:46  SCV  
  54  16:51  SCV  
  55  16:55  SCV  
  55  16:58  SCV  
  57  17:03  SCV  
  57  17:08  SCV  
  59  17:10  SCV  
  59  17:11  Marauder  
  58  17:20  Viking  
  44  17:27  Marine  
  35  17:35  Marine  
  32  17:42  Marine  
  26  18:09  SCV, Marine  
  18  18:24  SCV  
Tags
 
Add a new tag
Caveats
  • Supply blocks, unpowered buildings, or Contaminate may cause inaccurate times.
  • Supply counts are checked every 10 seconds.